 Dungeon Crawl Stone Soup version 0.30-a0-125-g51eefa89be (webtiles) character file.

Game seed: 11269423863209135932

0 zxpr0jk the Trooper (level 1, 0/30 HPs)
             Began as a Djinni Berserker on Sept 18, 2022.
             Was a Follower of Trog.
             Slain by a quokka (3 damage)
             ... on level 1 of the Dungeon.
             The game lasted 00:00:41 (56 turns).

zxpr0jk the Trooper (Djinni Berserker)                Turns: 56, Time: 00:00:42

Health: 0/30       AC:  2    Str: 16    XL:     1   Next: 11%
Gold:   0          EV: 12    Int:  8    God:    Trog [*.....] SH:  0 Dex: 12

rFire   + + .      SeeInvis .    a - +0 falchion
rCold   x . .      Faith    .    (no shield)
rNeg    . . .      Spirit   .    b - +0 animal skin
rPois   ∞          Reflect  .    (no helmet)
rElec   .          Harm     .    (no cloak)
rCorr   .          Rampage  .    (no gloves)
Will    .....                    (boots unavailable)
Stlth   ..........               (no amulet)
HPRegen 0.10/turn                (no ring)
MPRegen 0.00/turn                (no ring)

@: berserking, flying, very quick
A: sickness immunity, fire resistance 2, cold vulnerability 1, float, innate
caster, HP casting, extra vitality 1
a: Renounce Religion, Berserk


You were on level 1 of the Dungeon.
You worshipped Trog.
Trog was aware of your devotion.
You visited 1 branch of the dungeon, and saw 1 of its levels.

Inventory:

Hand Weapons
 a - a +0 falchion (weapon)
Armour
 b - a +0 animal skin (worn)


   Skills:
 + Level 3.0 Fighting
 + Level 2.7 Long Blades
 - Level 2.0 Armour
 * Level 2.2 Dodging


You couldn't memorise any spells.
You didn't know any spells.
Your spell library was empty.

Dungeon Overview and Level Annotations

Branches:
Dungeon (1/15)

Altars:


Innate Abilities, Weirdness & Mutations

You are immune to sickness and miasma.
You are immune to poison.
Your flesh is very heat resistant. (rF++)
You are vulnerable to cold. (rC-)
You float through the air rather than walking.
You learn spells naturally, not from books.
Your magical power is your life essence.
You have superior vitality. (+4 MHP)


Message History

The rat barely misses you. The giant cockroach closely misses you.
The quokka closely misses you.
You hit the rat but do no damage. The rat closely misses you.
The giant cockroach misses you. The quokka closely misses you.
You hit the rat but do no damage. The rat misses you.
The quokka closely misses you. The giant cockroach barely misses you.
Unknown command.
The quokka attacks as you move away! The quokka closely misses you. x2
The giant cockroach misses you. The rat attacks as you move away!
The rat barely misses you. The quokka attacks as you move away!
The quokka bites you. The giant cockroach closely misses you.
The rat attacks as you move away! The rat misses you.
You closely miss the rat. The rat bites you.
The quokka twitches its whiskers.
The rat bites you.
You hit the rat.
You kill the rat!
Trog accepts your kill. The quokka bites you.
* * * LOW HITPOINT WARNING * * *
You closely miss the quokka. The quokka bites you.
* * * LOW HITPOINT WARNING * * *
You barely miss the quokka. The quokka barely misses you.
Okay, then.
You closely miss the quokka.
The quokka bites you but does no damage.
The quokka bites you.
* * * LOW HITPOINT WARNING * * *
You aren't carrying any potions.
A red film seems to cover your vision as you go berserk!
You feel yourself moving faster!
You feel mighty! The quokka barely misses you.
You barely miss the quokka. The quokka misses you.
You hit the quokka.
The quokka is almost dead.
The quokka completely misses you.
You closely miss the quokka.
The quokka is almost dead.
The quokka bites you.
You die...

.###### .......###### ####
............# ####...
............# #....##
.......>....## #####.#'##
..........#..#########.....#.##
............JBr@....#......#..##
.........###.######........#...#
........## #.# ##......##....
.>......# #.. #..#####.....
......... #### #..+.....<...
.....>... #..#####.....
.........# #... ##....
.........# #.... #...#
$........# ..#.. #(.##


You could see an endoplasm, a quokka and a giant cockroach.

Vanquished Creatures
  A rat (D:1)
1 creature vanquished.

Notes
Turn   | Place    | Note
-------+----------+-------------------------------------------
     0 | D:1      | zxpr0jk the Djinni Berserker began the quest for the Orb.
     0 | D:1      | Reached XP level 1. HP: 20/20 MP: 0/0
    56 | D:1      | Slain by a quokka

Illustrated notes

Levels and vault maps discovered:
D:1:      mrwooster_arrival_arrow, layout_rooms, ebering_ecumenical_altar_rust,
          reono_crystal_passage

Action                   || total
-------------------------++-------
Melee: Falchion          ||    13
Invok: Berserk           ||     1
Armor: Animal skin       ||     2
Dodge: Dodged            ||    21

Table legend: (Time is in decaauts)
 A = Elapsed time spent in this place.
 B = Non-inter-level travel time spent in this place.
 C = Inter-level travel time spent in this place.
 D = Time resting spent in this place.
 E = Time spent auto-exploring this place.
 F = Levels seen in this place.
 G = Mean time per level.
                   A        B        C        D        E       F      G
               +--------+--------+--------+--------+--------+-----+--------+
         Total |     57 |     57 |      0 |      0 |     30 |   1 |   57.0 |
       Dungeon |     57 |     57 |      0 |      0 |     30 |   1 |   57.0 |
               +--------+--------+--------+--------+--------+-----+--------+

Top non-repeatable levels by time:
     D:1: 57 daAuts
